 Dungeon Crawl Stone Soup version 0.30.1-11-g7821555f0a (webtiles) character file.

Game seed: 14773681102098068876

2009 MOCHET the Fighter (level 9, -1/70 HPs)
             Began as a Djinni Fire Elementalist on Dec 13, 2023.
             Killed from afar by a gargoyle (23 damage)
             ... with a stone arrow
             ... on level 7 of the Dungeon.
             The game lasted 00:56:14 (8461 turns).

MOCHET the Fighter (Djinni Fire Elementalist)       Turns: 8461, Time: 00:56:15

Health: -1/70      AC:  8    Str:  7    XL:     9   Next: 46%
Gold:   308        EV: 14    Int: 22    God:
                   SH:  0    Dex: 13

rFire   + + +        l - staff of fire
rCold   + . .        (no shield)
rNeg    . . .        n - +2 robe {rC+ rF+}
rPois   ∞            c - +2 hat
rElec   .            B - +0 cloak
rCorr   .            y - +0 pair of gloves
SInv    .            (boots unavailable)
Will    .....        (no amulet)
Stlth   ++           s - ring of protection from cold
HPRegen 0.31/turn    (no ring)
MPRegen 0.00/turn

%: infuse magic (-2 HP)
@: swift, flying, very quick
A: sickness immunity, fire resistance 2, cold vulnerability 1, float, innate
caster, HP casting, extra vitality 1
a: no special abilities


You were on level 7 of the Dungeon.
You visited 1 branch of the dungeon, and saw 7 of its levels.

You collected 332 gold pieces.
You spent 24 gold pieces at shops.

Inventory:

Hand Weapons
 r - a +4 spear of freezing
Missiles
 z - 4 atropa-tipped darts
Armour
 c - a +2 hat (worn)
 n - a +2 robe of resistance (worn)
 t - a scarf of shadows
 y - a +0 pair of gloves (worn)
 B - a +0 cloak (worn)
 D - +0 acid dragon scales
Magical Staves
 j - a staff of earth
 l - a staff of fire (weapon)
Jewellery
 s - a ring of protection from cold (left hand)
Wands
 b - a wand of roots (8)
 w - a wand of charming (14)
Scrolls
 a - a scroll of summoning {unknown}
 d - a scroll of fog {unknown}
 e - a scroll of noise {unknown}
 i - 3 scrolls of teleportation
 k - a scroll of enchant armour {unknown}
 m - a scroll of immolation {unknown}
 p - a scroll of magic mapping
 q - a scroll of fear {unknown}
 v - 2 scrolls of enchant weapon
 A - a scroll of brand weapon {unknown}
Potions
 f - a potion of might
 g - 4 potions of curing
 h - a potion of lignification
 o - a potion of resistance
 x - a potion of cancellation
 C - a potion of mutation


   Skills:
 + Level 8.1 Fighting
 - Level 0.3 Staves
 + Level 6.8 Dodging
 - Level 1.8 Stealth
 + Level 5.1 Spellcasting
 * Level 0.8 Evocations


You knew the following spells:

 Your Spells              Type           Power      Damage    Failure   Level
a - Foxfire               Conj/Fire      100%       2x1d9     1%          1
b - Scorch                Fire           84%        2d9       1%          2
c - Volatile Blastmotes   Fire/Tloc      84%        2d17      3%          3
d - Inner Flame           Hex/Fire       42%        N/A       3%          3
e - Flame Wave            Conj/Fire      42%        2d11      12%         4
f - Shock                 Conj/Air       100%       1d9       1%          1
g - Wereblood             Tmut           28%        N/A       1%          2
h - Swiftness             Air            28%        N/A       3%          3
i - Tukima's Dance        Hex            28%        N/A       3%          3
Your spell library was empty.

Dungeon Overview and Level Annotations

Branches:
Dungeon (7/15)
 Temple: D:4-7

Altars:
Fedhas
Ru
Xom

Shops:
D:1 ?


Innate Abilities, Weirdness & Mutations

You are immune to sickness and miasma.
You are immune to poison.
Your flesh is very heat resistant. (rF++)
You are vulnerable to cold. (rC-)
You float through the air rather than walking.
You learn spells naturally, not from books.
Your magical power is your life essence.
You have superior vitality. (+4 MHP)


Message History

You feel a surge of power!
Flames lash the bullfrog.
The bullfrog is heavily wounded.
The bullfrog's fire resistance burns away.
The bullfrog closely misses you.
Casting: Scorch (safe; 1% risk of failure)
Confirm with . or Enter, or press ? or * to list all spells.
You feel a surge of power!
Flames lash the bullfrog.
The bullfrog is burned terribly!
You kill the bullfrog!
You see here a bullfrog corpse.
HP restored.
There is an escape hatch in the floor here.
Found a pair of boots.
Found an escape hatch in the ceiling.
You reach down and open the door.
There is an open door here.
Found a robe.
You see here a +0 robe.
Found a war axe.
A gargoyle comes into view. It is wielding a +0 mace.
Casting: Scorch (safe; 1% risk of failure)
Confirm with . or Enter, or press ? or * to list all spells.
Okay, then.
Casting: Scorch (safe; 1% risk of failure)
Confirm with . or Enter, or press ? or * to list all spells.
You feel a surge of power!
Flames lash the gargoyle but do no damage.
Casting: Scorch (safe; 1% risk of failure)
Confirm with . or Enter, or press ? or * to list all spells.
You feel a surge of power!
Flames lash the gargoyle but do no damage.
The gargoyle hits you with a +0 mace.
The gargoyle hurls a stone arrow at you.
The stone arrow hits you!
Casting: Scorch (safe; 1% risk of failure)
Confirm with . or Enter, or press ? or * to list all spells.
You feel quick. The gargoyle hits you with a +0 mace!!
The gargoyle hurls a stone arrow at you.
The stone arrow hits you!!
You die...

#.# #.#.)#
#.#..#
#.#..#
#.#..#
#.#..#####
#.#.......
#.#...###
#...@...#
###.#9###
#.#.#
#.#.#
#....
#.### #..
###


You could see a gargoyle.

Vanquished Creatures
  Sigmund (D:2)
  An acid dragon (D:6)
  An ice beast (D:6)
  2 phantoms (D:4)
  A kobold brigand (D:6)
  2 gnoll sergeants
  3 bullfrogs
  3 scorpions
  A howler monkey (D:6)
  2 jellies
  3 hounds
  A gnoll bouda (D:5)
  2 orc priests (D:4)
  7 iguanas
  3 orc wizards
  7 adders
  10 gnolls
  A shadow imp (D:6)
  An ufetubus (D:5)
  An adder zombie (D:2)
  3 worms
  2 dart slugs (D:1)
  14 orcs
  7 bats
  2 bat skeletons (D:2)
  7 endoplasms
  5 giant cockroaches
  10 hobgoblins
  3 jackals (D:3)
  4 quokkas
  12 ball pythons
  A ball python skeleton (D:2)
  A ball python zombie (D:2)
  7 frilled lizards
  10 goblins
  12 kobolds
  A quokka zombie (D:2)
  2 rats
156 creatures vanquished.

Vanquished Creatures (collateral kills)
  An ogre (D:6)
  A gnoll (D:7)
  An orc (D:6)
  A kobold (D:6)
  2 foxfires (D:2)
6 creatures vanquished.

Vanquished Creatures (others)
  6 dancing weapons
  An orc priest (D:5)
  560 foxfires
567 creatures vanquished.

Grand Total: 729 creatures vanquished

Notes
Turn   | Place    | Note
-------+----------+-------------------------------------------
     0 | D:1      | MOCHET the Djinni Fire Elementalist began the quest for the
                  | Orb.
     0 | D:1      | MOCHET set off with the following spells memorised:
                  | Foxfire, Scorch, Volatile Blastmotes, Inner Flame, Flame
                  | Wave.
     0 | D:1      | Reached XP level 1. HP: 15/15 MP: 0/0
   310 | D:1      | Reached XP level 2. HP: 19/21 MP: 0/0
   507 | D:1      | Reached skill level 1 in Fighting
   545 | D:1      | Reached XP level 3. HP: 25/27 MP: 0/0
   545 | D:1      | Learned a level 1 spell: Shock
   785 | D:1      | Found Korphi Weycia's Magic Scroll Boutique.
   788 | D:1      | Bought a scroll of identify for 24 gold pieces
  1184 | D:2      | Found a shimmering altar of Xom.
  1187 | D:2      | Noticed Sigmund
  1362 | D:2      | Reached XP level 4. HP: 30/33 MP: 0/0
  1455 | D:2      | Reached skill level 2 in Fighting
  1879 | D:2      | Killed Sigmund
  1880 | D:2      | Reached skill level 3 in Fighting
  1880 | D:2      | Reached XP level 5. HP: 15/40 MP: 0/0
  1880 | D:2      | Learned a level 2 spell: Wereblood
  1880 | D:2      | Reached XP level 6. HP: 17/46 MP: 0/0
  2911 | D:3      | Found a blossoming altar of Fedhas.
  3118 | D:4      | Reached skill level 4 in Fighting
  3118 | D:4      | Reached XP level 7. HP: 35/52 MP: 0/0
  3118 | D:4      | Learned a level 3 spell: Swiftness
  3693 | D:4      | Reached skill level 5 in Fighting
  4170 | D:5      | Entered Level 5 of the Dungeon
  4521 | D:4      | Reached skill level 5 in Dodging
  4521 | D:4      | Reached XP level 8. HP: 30/60 MP: 0/0
  4665 | D:5      | Noticed a two-headed ogre
  5028 | D:5      | Reached skill level 6 in Fighting
  6139 | D:6      | Reached skill level 7 in Fighting
  6171 | D:6      | Reached XP level 9. HP: 61/68 MP: 0/0
  6171 | D:6      | Learned a level 3 spell: Tukima's Dance
  6672 | D:6      | Found a sacrificial altar of Ru.
  6912 | D:6      | Reached skill level 5 in Spellcasting
  7876 | D:7      | Reached skill level 8 in Fighting
  8259 | D:7      | Noticed a two-headed ogre
  8455 | D:7      | Noticed a gargoyle
  8461 | D:7      | Killed from afar by a gargoyle

Illustrated notes

Levels and vault maps discovered:
D:1:      ncdulo_wetmaze, layout_basic, serial_shops, nicolae_shop_rolled_up,
          roderic_nine_men_s_morris
D:2:      layout_basic, serial_undead, serial_undead_f, serial_undead_f,
          serial_undead_d, serial_undead_f, serial_undead_a, basic_altar,
          uniq_sigmund
D:3:      minmay_spotlight, layout_rooms, lemuel_coloured_pillars_altar,
          hex_medium
D:4:      layout_basic
D:5:      layout_basic
D:6:      layout_rooms, nicolae_ru_great_annihilating_truth
D:7:      layout_basic, temple_fountains, wad_mini_maze

Skill      XL: |  1  2  3  4  5  6  7  8  9 |
---------------+----------------------------+-----
Fighting       | 1 3 4 5 7 8 |  8.1
Dodging        | 3 4 5 6 |  6.8
Spellcasting   | 3 4 5 |  5.1
Staves         | |  0.3
Stealth        | |  1.8
Evocations     | |  0.8

Action                     |  1- 3 |  4- 6 |  7- 9 || total
---------------------------+-------+-------+-------++-------
  Melee: Staff             |       |     3 |     3 ||     6
   Cast: Foxfire           |   119 |   161 |    50 ||   330
         Scorch            |     2 |     8 |   113 ||   123
         Shock             |     1 |       |       ||     1
         Swiftness         |       |       |    12 ||    12
         Volatile Blastmot |       |       |    22 ||    22
         Tukima's Dance    |       |       |    21 ||    21
  Evoke: Wand              |       |       |     3 ||     3
    Use: Scroll            |     1 |       |    12 ||    13
         Potion            |       |     2 |     1 ||     3
 Armour: Robe              |     8 |    11 |    35 ||    54
  Dodge: Dodged            |     9 |    22 |   113 ||   144
